 Dungeon Crawl Stone Soup version 0.24-a0-784-g601f8f6 (webtiles) character file.

Game seed: 16750304485806856251, levelgen mode: deterministic

8 Dorkslayer the Magician (level 2, -2/17 HPs)
             Began as an Octopode Wizard on Oct 8, 2019.
             Slain by a rat (3 damage)
             ... on level 1 of the Dungeon.
             The game lasted 00:01:34 (186 turns).

Dorkslayer the Magician (Octopode Wizard)            Turns: 186, Time: 00:01:35

Health: -2/17      AC:  1    Str:  6    XL:     2   Next: 8%
Magic:  0/6        EV: 13    Int: 20    God:
Gold:   23         SH:  0    Dex: 10    Spells: 6/7 levels left

rFire    . . .     SeeInvis .   h - +0 dagger
rCold    . . .     Gourm    .   (no shield)
rNeg     . . .     Faith    .   a - +0 hat
rPois    .         Spirit   .   (no amulet)
rElec    .         Reflect  .   (no ring)
rCorr    .         Harm     .   (no ring)
MR       .....                  (no ring)
Stlth    +++.......             (no ring)
HPRegen  0.05/turn              (no ring)
MPRegen  0.10/turn              (no ring)
                                (no ring)
                                (no ring)

@: very slightly contaminated
A: almost no armour, stealthy swim, amphibious, 8 rings, constrict 8, camouflage
1, gelatinous body 1
a: no special abilities


You were on level 1 of the Dungeon.
You were not hungry.

You visited 1 branch of the dungeon, and saw 1 of its levels.

You collected 23 gold pieces.

Inventory:

Hand Weapons
 h - a +0 dagger (weapon)
Armour
 a - a +0 hat (worn)
Scrolls
 b - a scroll of remove curse {unknown}
 d - a scroll of fog {unknown}
 e - a scroll of enchant armour {unknown}
 g - a scroll of identify {unknown}
Comestibles
 c - a ration
 f - 3 chunks of flesh


   Skills:
 + Level 2.0 Dodging
 + Level 2.8 Stealth
 + Level 3.3 Spellcasting
 + Level 1.0 Conjurations
   Level 1.0 Summonings
   Level 1.0 Translocations


You had 6 spell levels left.
You knew the following spells:

 Your Spells              Type           Power        Failure   Level  Hunger
a - Magic Dart            Conj           #...         9%          1    None

Your spell library contained the following spells:

 Spells                   Type           Power        Failure   Level  Hunger
 Blink                    Tloc           N/A          14%         2    ##.....
 Call Imp                 Summ           #.......     14%         2    ##.....
 Slow                     Hex            #.......     21%         2    ##.....
 Conjure Flame            Conj/Fire      #.......     32%         3    ###....
 Mephitic Cloud           Conj/Pois/Air  #.......     34%         3    ###....


Dungeon Overview and Level Annotations

Branches:
Dungeon (1/15)

Altars:


Innate Abilities, Weirdness & Mutations

You cannot wear most types of armour.
You are very stealthy in the water. (Stealth+)
You are amphibious.
You can wear up to eight rings at the same time.
You can use your tentacles to constrict eight enemies at once.
Your skin changes colour to match your surroundings (Stealth+).
Your rubbery body absorbs attacks. (AC +1, EV +1)


Message History

The dart slug launches a dart at you. The slug dart hits you.
You hit the dart slug. Your grab misses the dart slug.
The dart slug is moderately wounded.
The dart slug launches a dart at you. The slug dart hits you.
* * * LOW HITPOINT WARNING * * *
You hit the dart slug. You grab the dart slug.
The dart slug is moderately wounded.
You constrict the dart slug. The rat barely misses you.
You hit the rat. Your grab misses the rat.
The rat is heavily wounded.
You constrict the dart slug. The dart slug launches a dart at you.
The slug dart misses you. The rat bites you.
* * * LOW HITPOINT WARNING * * *
You hit the dart slug.
The dart slug is severely wounded.
You constrict the dart slug. The rat bites you.
You die...

#............##.....r...
#............##.........
##............##.........
..........w.w.##.........
...............##..######
...............###......#
........# #..##......#
.......w#######.≈≈≈≈≈≈≈≈≈
.......r@.......≈8≈≈≈≈≈≈8
................≈§8≈≈≈≈8≈
................§≈≈#''#≈≈
..#####.........§§≈#..#≈§
. ###.........§≈≈#.<#≈≈
#...........≈§≈####≈≈
#...........§≈8≈≈≈≈8≈
#.....).....≈8≈≈≈≈≈≈8
#...........≈≈≈§§≈≈§≈


You could see a dart slug and a rat.

Vanquished Creatures
  2 goblins (D:1)
  2 hobgoblins (D:1)
  A kobold (D:1)
  A bat (D:1)
  A rat (D:1)
7 creatures vanquished.

Notes
Turn   | Place    | Note
-------+----------+-------------------------------------------
     0 | D:1      | Dorkslayer the Octopode Wizard began the quest for the Orb.
     0 | D:1      | Reached XP level 1. HP: 11/11 MP: 4/4
   178 | D:1      | Reached XP level 2. HP: 9/17 MP: 0/6
   186 | D:1      | Slain by a rat

Levels and vault maps discovered:
D:1:      lightli_arrival_boilingwater, layout_basic

Action                   || total
-------------------------++-------
Melee: Unarmed           ||    11
       Dagger            ||     8
       Constrict         ||     4
       Tentacles         ||     1
 Cast: Magic Dart        ||    11
Armor: Skin              ||     1
Dodge: Dodged            ||    12

Table legend:
 A = Non-vault XP
 B = Vault XP
 C = Vault XP percentage of total XP
 D = Non-vault monster count
 E = Vault monster count
 F = Vault count percentage of total count
                 A         B        C        D         E       F
            +---------+---------+-------+---------+---------+-------
      Total |      12 |       0 |   0.0 |       7 |       0 |   0.0
            +---------+---------+-------+---------+---------+-------
        D:1 |      12 |       0 |   0.0 |       7 |       0 |   0.0
            +---------+---------+-------+---------+---------+-------
